 Dungeon Crawl Stone Soup version 0.17.1-3-g152610e (webtiles) character file.

247 Malhgor the Chopper (level 5, -3/50 HPs)
             Began as a Deep Dwarf Fighter on Mar 20, 2016.
             Slain by a gnoll
             ... wielding a +0 halberd
              (10 damage)
             ... on level 2 of the Dungeon.
             The game lasted 00:06:23 (1089 turns).

Malhgor the Chopper (Deep Dwarf Fighter)            Turns: 1089, Time: 00:06:24

Health: -3/50      AC:  6    Str: 20    XL:     5   Next: 85%
Magic:  5/5        EV:  9    Int:  8    God:
Gold:   93         SH:  0    Dex: 13    Spells: 0 memorised, 4 levels left

rFire  . . .     SeeInvis .     a - +0 war axe
rCold  . . .     Clarity  .     b - +0 scale mail
rNeg   . . .     SustAt   .     (no shield)
rPois  .         Gourm    .     (no helmet)
rElec  .         Spirit   .     (no cloak)
rCorr  .         Warding  .     (no gloves)
rMut   .         Stasis   .     (no boots)
MR     .....                    (no amulet)
Stlth  ..........               (no ring)
                                (no ring)

@: non-regenerating, not resistant to hostile enchantments, extremely unstealthy
A: damage resistance, recharge devices, sense surroundings 1, slow regeneration
3
a: Device Recharging


You were on level 2 of the Dungeon.
You were not hungry.

You visited 1 branch of the dungeon, and saw 3 of its levels.

You collected 93 gold pieces.

Inventory:

Hand Weapons
 a - a +0 war axe (weapon)
Missiles
 q - 32 bolts
Armour
 b - a +0 scale mail (worn)
 c - a +0 shield
 p - a +0 plate armour
Jewellery
 h - an uncursed amulet of guardian spirit {unknown}
 o - an uncursed amulet of regeneration {unknown}
 t - a cursed ring of teleportation {unknown}
Wands
 e - a wand of heal wounds (1)
Scrolls
 i - 6 scrolls of identify {unknown}
 l - 3 scrolls of amnesia {unknown}
 s - a scroll of fear {unknown}
 u - a scroll of blinking {unknown}
Potions
 d - 2 potions of might
 g - a potion of heal wounds {unknown}
 m - a potion of brilliance {unknown}
 n - a potion of curing {unknown}
 r - a potion of ambrosia {unknown}
 v - a potion of haste {unknown}
Comestibles
 f - a bread ration
 j - 5 fruits
 k - 2 meat rations
 w - a chunk of flesh


   Skills:
 + Level 4.2 Fighting
 * Level 5.5 Axes
 - Level 3.2 Armour
 - Level 3.2 Shields


You had 4 spell levels left.
You didn't know any spells.

Dungeon Overview and Level Annotations

Branches:
Dungeon (3/15)

Altars:

Annotations:
D:1 Done


Innate Abilities, Weirdness & Mutations

You are resistant to damage.
You can recharge devices by infusing magical energy.
You passively map a small area around you.
You do not regenerate naturally.


Message History

You hit the gnoll.
The gnoll is severely wounded.
The gnoll hits you with a halberd!
You hit the gnoll.
The gnoll is severely wounded.
The gnoll hits you with a halberd.
You closely miss the gnoll.
The gnoll is severely wounded.
The gnoll hits you but does no damage.
You barely miss the gnoll.
The gnoll is severely wounded.
The gnoll misses you.
You hit the gnoll.
The gnoll is almost dead.
The gnoll hits you with a halberd!
* * * LOW HITPOINT WARNING * * *
You closely miss the gnoll.
The gnoll is almost dead.
The gnoll hits you with a halberd!
You die...

+##..# #.........#
..#..# ######....#
,, ..#..#
######....# ..#..#
#.........# ..'..#
#....)....# .[##.#
#........(# ...#.#
#.........# ##.#.#
#.....((..# .#.#.#
#.....)@).# .#.#.#
#......g?.# .#.#.#
#.........# ...#.#
#.........#
####.#####)........#
.........+.........#
##....####.........#
##....####(...######
##....#..#, ,


You could see a gnoll.

Vanquished Creatures
  Sigmund (D:2)
  2 adders (D:2)
  3 gnolls (D:2)
  An ooze (D:1)
  A giant gecko (D:2)
  A ball python (D:1)
  3 bats
  3 giant cockroaches
  4 goblins
  4 hobgoblins
  4 jackals (D:1)
  5 kobolds
  8 rats
40 creatures vanquished.

Notes
Turn   | Place    | Note
--------------------------------------------------------------
     0 | D:1      | Malhgor the Deep Dwarf Fighter began the quest for the Orb.
     0 | D:1      | Reached XP level 1. HP: 20/20 MP: 1/1
   245 | D:1      | Reached XP level 2. HP: 25/28 MP: 2/2
   465 | D:2      | Noticed Sigmund
   492 | D:2      | Killed Sigmund
   492 | D:2      | Reached skill level 4 in Fighting
   492 | D:2      | Reached skill level 5 in Axes
   492 | D:2      | Reached XP level 3. HP: 24/36 MP: 3/3
   492 | D:2      | Reached XP level 4. HP: 29/44 MP: 4/4
   492 | D:2      | Reached XP level 5. HP: 32/50 MP: 5/5
  1089 | D:2      | Slain by a gnoll

Action                   |  1- 3 |  4- 6 || total
-------------------------+-------+-------++-------
Melee: War axe           |    64 |    50 ||   114
Evoke: Wand              |     3 |     1 ||     4
  Eat: Chunk             |       |     1 ||     1
